 Dungeon Sprint DCSS version 0.21-a0-274-gc1afaeb (webtiles) character file.

14437 Kidiri the Eclecticist (level 11, 0/67 HPs)
             Began as a Deep Elf Fire Elementalist on Sept 18, 2017.
             Was the Champion of Vehumet.
             Slain by a death yak (27 damage)
             ... in the Dungeon (Sprint III: "The Ten Rune Challenge").
             The game lasted 00:16:14 (2791 turns).

Kidiri the Eclecticist (Deep Elf Fire Elementalist) Turns: 2791, Time: 00:16:15

Health: 0/67       AC:  5    Str:  5    XL:     11   Next: 88%
Magic:  3/34       EV: 20    Int: 26    God:    Vehumet [******]
Gold:   108        SH:  0    Dex: 15    Spells: 8/45 levels left

rFire    . . .     SeeInvis .   k - +0 dagger
rCold    . . .     Gourm    .   (no shield)
rNeg     . . .     Faith    .   A - +0 leather armour
rPois    .         Spirit   .   (helmet restricted)
rElec    .         Reflect  .   (no cloak)
rCorr    .         Harm     .   (no gloves)
MR       +....     NoTele   +   C - +0 pair of boots
Stlth    ++........             (no amulet)
HPRegen  0.21/turn              u - +2 ring of evasion
MPRegen  0.24/turn              (no ring)

@: no status effects
A: antennae 1, blink, clever 1
a: Blink, Renounce Religion


You were in the Dungeon.
You worshipped Vehumet.
Vehumet was exalted by your worship.
You were not hungry.

You visited 1 branch You collected 108 gold pieces.

Inventory:

Hand Weapons
 k - a +0 dagger (weapon)
Armour
 A - a +0 leather armour (worn)
 C - a +0 pair of boots (worn)
Jewellery
 u - a +2 ring of evasion (left hand)
Wands
 n - a wand of acid (4/15)
 t - a wand of acid (9/15)
Scrolls
 i - a scroll of blinking
 m - 3 scrolls of immolation
 o - 5 scrolls of remove curse
 q - a scroll of holy word
 s - a scroll of identify
Potions
 b - a potion of might
 d - 2 potions of curing
 e - 3 potions of heal wounds
 f - 2 potions of haste
 g - 2 potions of magic
 h - a potion of berserk rage
 j - a potion of agility
 p - 6 potions of flight
Comestibles
 a - 8 chunks of flesh
 c - 3 bread rations
 l - 24 royal jellies
 r - 2 meat rations


   Skills:
 + Level 7.4 Fighting
 + Level 8.8 Short Blades
 + Level 7.4 Armour
 + Level 10.8 Dodging
 - Level 2.4 Stealth
 * Level 17.5 Spellcasting
 + Level 11.0 Conjurations
 + Level 11.5 Fire Magic
 + Level 6.9 Ice Magic
 + Level 8.7 Air Magic
 + Level 7.0 Earth Magic
 + Level 9.7 Poison Magic


You had 8 spell levels left.
You knew the following spells:

 Your Spells              Type           Power        Failure   Level  Hunger
a - Flame Tongue          Conj/Fire      #####        1%          1    None
b - Throw Flame           Conj/Fire      ######       1%          2    None
c - Conjure Flame         Conj/Fire      ######..     1%          3    None
d - Inner Flame           Hex/Fire       ######..     1%          3    None
e - Sticky Flame          Conj/Fire      ######..     1%          4    None
f - Fireball              Conj/Fire      ######....   1%          5    None
g - Bolt of Magma         Conj/Fire/Erth ######....   1%          5    None
h - Throw Icicle          Conj/Ice       ######..     1%          4    None
i - Airstrike             Air            ######....   1%          4    None
j - Stone Arrow           Conj/Erth      ######       1%          3    None
k - Mephitic Cloud        Conj/Pois/Air  ######..     1%          3    None


Dungeon Overview and Level Annotations

Branches:
Dungeon (1/1)

Altars:
Cheibriados
Dithmenos
Elyvilon
Fedhas
Gozag
Hepliaklqana
Kikubaaqudgha
Makhleb
Nemelex Xobeh
Okawaru
Qazlal
Ru
Sif Muna
Trog
Uskayaw
Vehumet
Wu Jian
Xom
Yredelemnul
Zin
The Shining One
Beogh
Jiyva
Lugonu

Annotations:
D exclusion: 4 doors


Innate Abilities, Weirdness & Mutations

You have a pair of small antennae on your head.
You can translocate small distances at will.
Your mind is acute. (Int +2)


Message History

The bolt of magma hits the death yak.
The death yak is heavily wounded.
The bolt of magma hits the death yak.
The death yak is heavily wounded.
The death yak is engulfed in a cloud of scalding steam.
The death yak gores you!
Unknown command.
Casting: Bolt of Magma
Confirm with . or Enter, or press ? or * to list all spells.
Aiming: Bolt of Magma
Press: ? - help, Shift-Dir - straight line, f/p - death yak
Aim: a death yak (heavily wounded)
The bolt of magma hits the death yak.
The death yak is almost dead.
The bolt of magma hits the death yak.
The death yak is severely wounded.
The death yak is engulfed in a cloud of scalding steam.
Unknown command.
You close the door.
The death yak gores you!!
You die...

.....#.≈≈≈≈≈≈....#.⌠.#__#...#+###
.....#.≈≈≈≈≈.....#...#__#...#.§§≈
.....#.≈≈≈.......#+###__#...#.#§§
'#####...........#):.#__#...'.#§§
.................#___#__+...#.#.§
▓▓▓▓▓▓▓▓▓▓▓▓▓▓▓▓▓▓▓▓▓▓▓▓▓▓▓▓▓▓▓▓▓
+≈≈≈§§≈≈≈≈♣♣.....♣♣ ♣≈≈≈.....
#≈≈≈§≈§§≈≈♣♣Y≈≈≈≈+♣♣+♣≈≈≈≈≈≈≈
#≈.≈§§§≈≈§Y+@....#.≈♣♣♣♣♣♣♣♣♣
#≈≈≈§§§≈≈≈♣♣♣♣♣♣♣#..♣♣
#≈≈≈§≈≈≈.≈♣ ###%♣♣♣♣♣♣♣♣
▓##+####'#######♣ ♣♣♣♣.##..##≈(
▓...........).Y.♣♣ ♣...##.##.#≈≈
▓#+#############÷♣ ♣♣%##.##.##+≈
.†Y...Y..♣ ♣..#.##...#≈
..######## ♣♣.##.##).#≈ {
♣♣.##.#####.


You could see a death yak.

Vanquished Creatures
  Rupert (D)
  Josephine (D)
  2 hydras (D)
  A centaur warrior (D)
  2 death yaks (D)
  Urug (D)
  An unseen horror (D)
  A deep elf mage (D)
  A lindwurm (D)
  2 spiny frogs (D)
  A komodo dragon (D)
  A rime drake (D)
  3 wandering mushrooms (D)
  A queen bee (D)
  2 tyrant leeches (D)
  7 blink frogs (D)
  3 redbacks (D)
  A shadow (D)
  A spatial vortex (D)
  A hydra simulacrum (D)
  A swamp drake (D)
  2 fire dragon simulacra (D)
  A necrophage (D)
  2 centaurs (D)
  An earth elemental (D)
  A water elemental (D)
  28 killer bees (D)
  An electric eel (D)
  A jelly (D)
  A wizard (D)
  Jessica (D)
  A necromancer (D)
  A wolf simulacrum (D)
  3 humans (D)
  A kobold demonologist (D)
  An ooze (D)
  A phantom (D)
  2 rats (D)
  2 plants (D)
86 creatures vanquished.

Vanquished Creatures (collateral kills)
  3 killer bees (D)
3 creatures vanquished.

Vanquished Creatures (others)
  2 draconian scorchers (D)
  6 hellions (D)
  2 yaktaurs (D)
  A killer bee (D)
  2 plants (D)
13 creatures vanquished.

Grand Total: 102 creatures vanquished

Notes
Turn   | Place    | Note
-------+----------+-------------------------------------------
     0 | D        | Kidiri the Deep Elf Fire Elementalist began the quest for the Orb.
     0 | D        | Reached XP level 1. HP: 10/10 MP: 6/6
     6 | D        | Reached skill level 4 in Spellcasting
    58 | D        | Noticed Jessica
    62 | D        | Killed Jessica
    62 | D        | Reached skill level 6 in Spellcasting
    62 | D        | Reached XP level 2. HP: 15/15 MP: 3/11
    62 | D        | Reached XP level 3. HP: 19/19 MP: 3/12
    66 | D        | Learned a level 2 spell: Throw Flame
    70 | D        | Learned a level 3 spell: Conjure Flame
    74 | D        | Learned a level 3 spell: Inner Flame
    95 | D        | Killed a hellion
   103 | D        | Killed a hellion
   154 | D        | Killed a hellion
   155 | D        | Killed a hellion
   155 | D        | Killed a hellion
   157 | D        | Killed a hellion
   162 | D        | Gained mutation: Your body sometimes deteriorates upon taking damage. [potion of mutation]
   162 | D        | Gained mutation: Your magical capacity is low. (-10% MP) [potion of mutation]
   162 | D        | Lost mutation: Your magical capacity is low. (-10% MP) [potion of mutation]
   162 | D        | Gained mutation: Your mind is acute. (Int +2) [potion of mutation]
   163 | D        | Lost mutation: Your body sometimes deteriorates upon taking damage. [potion of mutation]
   163 | D        | Gained mutation: You can translocate small distances at will. [potion of mutation]
   163 | D        | Gained mutation: You have a pair of small antennae on your head. [potion of mutation]
   169 | D        | Killed a white draconian scorcher
   182 | D        | Reached skill level 7 in Spellcasting
   182 | D        | Reached skill level 5 in Fire Magic
   186 | D        | Killed a white draconian scorcher
   240 | D        | Noticed a water elemental
   244 | D        | Killed a water elemental
   244 | D        | Reached skill level 9 in Spellcasting
   244 | D        | Reached skill level 5 in Conjurations
   244 | D        | Reached XP level 4. HP: 24/24 MP: 9/17
   251 | D        | Learned a level 4 spell: Sticky Flame
   295 | D        | Found a radiant altar of Vehumet.
   296 | D        | Found a deep blue altar of Sif Muna.
   296 | D        | Found an ancient bone altar of Kikubaaqudgha.
   296 | D        | Noticed a wizard
   297 | D        | Killed a wizard
   297 | D        | Reached XP level 5. HP: 24/28 MP: 14/19
   299 | D        | Reached skill level 10 in Spellcasting
   306 | D        | Learned a level 5 spell: Fireball
   308 | D        | Became a worshipper of Vehumet
   322 | D        | Learned a level 3 spell: Mephitic Cloud
   366 | D        | Found a glowing silver altar of Zin.
   367 | D        | Found a glowing golden altar of the Shining One.
   367 | D        | Found a white marble altar of Elyvilon.
   367 | D        | Noticed a deep elf mage
   372 | D        | Killed a deep elf mage
   372 | D        | Reached skill level 11 in Spellcasting
   372 | D        | Reached XP level 6. HP: 27/36 MP: 9/22
   372 | D        | Reached XP level 7. HP: 30/40 MP: 9/24
   450 | D        | Found an ornate altar of the Wu Jian Council.
   450 | D        | Found a roughly hewn altar of Beogh.
   450 | D        | Found an iron altar of Okawaru.
   450 | D        | Found a bloodstained altar of Trog.
   450 | D        | Found a hide-covered altar of Uskayaw.
   450 | D        | Noticed a human
   450 | D        | Noticed a human
   459 | D        | Killed a human
   459 | D        | Reached skill level 5 in Dodging
   459 | D        | Reached skill level 12 in Spellcasting
   462 | D        | Killed a human
   462 | D        | Reached * piety under Vehumet
   462 | D        | Offered knowledge of Sting by Vehumet.
   558 | D        | Found a basalt altar of Yredelemnul.
   558 | D        | Found a shadowy altar of Dithmenos.
   558 | D        | Found a sacrificial altar of Ru.
   635 | D        | Noticed a shadow
   635 | D        | Killed a shadow
   635 | D        | Reached ** piety under Vehumet
   635 | D        | Offered knowledge of Shock by Vehumet.
   635 | D        | Reached XP level 8. HP: 46/46 MP: 17/26
   680 | D        | Found a blossoming altar of Fedhas.
   680 | D        | Found a stormy altar of Qazlal.
   680 | D        | Found a snail-covered altar of Cheibriados.
   680 | D        | Found a burning altar of Makhleb.
   680 | D        | Found a shimmering altar of Xom.
   681 | D        | Found a hazy altar of Hepliaklqana.
   681 | D        | Found an opulent altar of Gozag.
   681 | D        | Found a sparkling altar of Nemelex Xobeh.
   681 | D        | Found a corrupted altar of Lugonu.
   681 | D        | Found a viscous altar of Jiyva.
   703 | D        | Reached skill level 5 in Poison Magic
   728 | D        | Killed a yaktaur
   797 | D        | Noticed Josephine
   798 | D        | Killed Josephine
   798 | D        | Offered knowledge of Stone Arrow by Vehumet.
   798 | D        | Reached skill level 5 in Short Blades
   798 | D        | Reached skill level 13 in Spellcasting
   798 | D        | Reached skill level 5 in Air Magic
   798 | D        | Reached XP level 9. HP: 47/52 MP: 11/28
   804 | D        | Learned a level 3 spell: Stone Arrow
   896 | D        | Reached *** piety under Vehumet
   979 | D        | Noticed a centaur warrior
   985 | D        | Offered knowledge of Throw Icicle by Vehumet.
   985 | D        | Reached skill level 1 in Earth Magic
   995 | D        | Killed a centaur warrior
   995 | D        | Reached skill level 14 in Spellcasting
  1001 | D        | Learned a level 4 spell: Throw Icicle
  1111 | D        | Noticed an unseen horror
  1117 | D        | Killed an unseen horror
  1117 | D        | Reached **** piety under Vehumet
  1117 | D        | Reached skill level 5 in Fighting
  1117 | D        | Reached skill level 5 in Armour
  1117 | D        | Reached skill level 1 in Ice Magic
  1226 | D        | Noticed a queen bee
  1231 | D        | Offered knowledge of Airstrike by Vehumet.
  1236 | D        | Reached ***** piety under Vehumet
  1265 | D        | Learned a level 4 spell: Airstrike
  1393 | D        | Offered knowledge of Bolt of Magma by Vehumet.
  1400 | D        | Learned a level 5 spell: Bolt of Magma
  1442 | D        | Reached XP level 10. HP: 55/59 MP: 1/30
  1442 | D        | Offered knowledge of Orb of Destruction by Vehumet.
  1571 | D        | Reached ****** piety under Vehumet
  1574 | D        | Reached skill level 15 in Spellcasting
  1592 | D        | Reached skill level 10 in Fire Magic
  1645 | D        | Offered knowledge of Iron Shot by Vehumet.
  1903 | D        | Offered knowledge of Freezing Cloud by Vehumet.
  1944 | D        | Noticed a four-headed hydra
  1944 | D        | Noticed an eight-headed hydra
  1948 | D        | Killed a four-headed hydra
  1951 | D        | Killed an eight-headed hydra
  1951 | D        | Reached skill level 10 in Conjurations
  1951 | D        | Reached skill level 5 in Earth Magic
  1962 | D        | Identified the Collected Works on the Entourage
  2006 | D        | Reached skill level 16 in Spellcasting
  2027 | D        | Noticed Urug
  2032 | D        | Killed Urug
  2032 | D        | Reached XP level 11. HP: 66/66 MP: 17/33
  2123 | D        | Noticed a lindwurm
  2125 | D        | Killed a lindwurm
  2125 | D        | Reached skill level 5 in Ice Magic
  2134 | D        | Offered knowledge of Conjure Ball Lightning by Vehumet.
  2379 | D        | Reached skill level 10 in Dodging
  2381 | D        | Offered knowledge of Ozocubu's Refrigeration by Vehumet.
  2679 | D        | Noticed Rupert
  2684 | D        | Killed Rupert
  2684 | D        | Reached skill level 17 in Spellcasting
  2758 | D        | Noticed a death yak
  2758 | D        | Noticed a death yak
  2762 | D        | Killed a death yak
  2763 | D        | Noticed a death yak
  2765 | D        | Killed a death yak
  2767 | D        | Noticed a death yak
  2767 | D        | Offered knowledge of Poison Arrow by Vehumet.
  2791 | D        | Slain by a death yak

Vault maps used:
D:        dungeon_sprint_mu

Skill      XL: |  1  2  3  4  5  6  7  8  9 10 11 |
---------------+----------------------------------+-----
Spellcasting   | 6 9 11 12 13 14 16 17 | 17.5
Conjurations   | 3 5 6 7 8 9 10 11 | 11.0
Fire Magic     | 4 6 7 8 9 10 11 | 11.5
Fighting       | 2 3 4 5 6 7 |  7.4
Short Blades   | 3 4 5 6 7 8 |  8.8
Armour         | 2 3 4 5 6 7 |  7.4
Dodging        | 4 5 7 8 9 10 | 10.8
Air Magic      | 3 4 5 6 7 8 |  8.7
Poison Magic   | 3 4 5 7 8 9 |  9.7
Earth Magic    | 3 5 7 |  7.0
Ice Magic      | 2 4 6 |  6.9
Stealth        | |  2.4

Action                   |  1- 3 |  4- 6 |  7- 9 | 10-12 || total
-------------------------+-------+-------+-------+-------++-------
Melee: Dagger            |       |       |     5 |     6 ||    11
 Cast: Flame Tongue      |    14 |     4 |    58 |    10 ||    86
       Throw Flame       |     4 |       |       |     3 ||     7
       Conjure Flame     |     1 |       |     7 |     3 ||    11
       Sticky Flame      |       |     3 |     6 |    11 ||    20
       Mephitic Cloud    |       |     1 |     6 |     3 ||    10
       Inner Flame       |       |       |     4 |     1 ||     5
       Fireball          |       |       |     3 |     1 ||     4
       Stone Arrow       |       |       |     7 |       ||     7
       Bolt of Magma     |       |       |     4 |    39 ||    43
       Airstrike         |       |       |       |     5 ||     5
       Throw Icicle      |       |       |       |     2 ||     2
  Use: Scroll            |     2 |       |       |     1 ||     3
       Potion            |     2 |       |       |       ||     2
 Stab: Confused          |       |       |       |     1 ||     1
       Sleeping          |       |       |       |     2 ||     2
  Eat: Chunk             |       |       |     1 |     3 ||     4
       Royal jelly       |       |       |       |     1 ||     1
Armor: Robe              |       |       |     2 |     2 ||     4
       Leather armour    |       |       |       |     2 ||     2
Dodge: Dodged            |       |     1 |    16 |    20 ||    37

Table legend:
 A = Spawn XP
 B = Non-spawn XP
 C = Spawn XP percentage of total XP
 D = Spawn monster count
 E = Non-spawn monster count
 F = Spawn count percentage of total count
 G = Total turns spent on level
                    A         B        C        D         E        F      G
               +---------+---------+-------+---------+---------+-------+---------
         Total |       0 |   20625 |   0.0 |       0 |      88 |   0.0 |  2791
               +---------+---------+-------+---------+---------+-------+---------
             D |       0 |   20625 |   0.0 |       0 |      88 |   0.0 |  2791
               +---------+---------+-------+---------+---------+-------+---------
